 Dungeon Crawl Stone Soup version 0.26-a0-812-g31a745ddcd (webtiles) character file.

Game seed: 4940052518786040369

13451 Flubbersnuff the Cleaver (level 12, -2/71 HPs)
             Began as a Gargoyle Gladiator on Dec 4, 2020.
             Was a High Priest of Qazlal.
             Collided with a stone wall (3 damage)
             ... caused by a wretched star
             ... on level 1 of the Abyss.
             The game lasted 00:46:40 (9810 turns).

Flubbersnuff the Cleaver (Gargoyle Gladiator)       Turns: 9810, Time: 00:46:41

Health: -2/71      AC: 35    Str: 23    XL:     12   Next: 6%
Magic:  14/14      EV: 11    Int:  9    God:    Qazlal [*****.]
Gold:   693        SH: 24    Dex: 11    Spells: 11/11 levels left

rFire    . . .     SeeInvis .   a - +2 war axe (vamp)
rCold    . . .     Faith    .   l - +0 kite shield
rNeg     + + +     Spirit   .   v - +5 ring mail of Lefaycoo {Harm *Drain +Blink rN+}
rPois    ∞         Reflect  +   c - +1 helmet
rElec    +         Harm     +   G - +1 cloak
rCorr    .         Rampage  .   z - +0 pair of gloves
MR       .....     Rnd*Tele +   p - +0 pair of boots
Stlth    ..........             B - amulet of reflection
HPRegen  0.21/turn              o - +4 ring of protection
MPRegen  0.14/turn              x - ring of positive energy

@: protected from physical damage, repel missiles
A: negative energy resistance 1, electricity resistance, [teleportitis 2],
unbreathing, petrification resistance, rot immunity, AC +8
a: Upheaval, Elemental Force, Disaster Area, Renounce Religion, Evoke Blink


You were on level 1 of the Abyss.
You worshipped Qazlal.
Qazlal was extremely pleased with you.
You visited 4 branches of the dungeon, and saw 14 of its levels.
You visited the Abyss 1 time.

You collected 693 gold pieces.

Inventory:

Hand Weapons
 a - a +2 vampiric war axe (weapon)
 b - a +4 whip
Missiles
 d - 5 throwing nets (quivered)
Armour
 c - a +1 helmet (worn)
 l - a +0 kite shield (worn)
 p - a +0 pair of boots (worn)
 v - the +5 ring mail of Lefaycoo (worn) {Harm *Drain +Blink rN+}
   (You found it on level 6 of the Dungeon)

   It protects you from negative energy.
   It lets you blink.
   It causes draining when unequipped.
   It increases damage dealt and taken.
 z - a +0 pair of gloves (worn)
 G - a +1 cloak (worn)
Jewellery
 o - a +4 ring of protection (left hand)
 x - a ring of positive energy (right hand)
 B - an amulet of reflection (around neck)
 H - an uncursed ring of see invisible {unknown}
Wands
 s - a wand of digging (6)
 C - a wand of enslavement (6)
 E - a wand of disintegration (13)
 F - a wand of random effects (10)
 I - a wand of iceblast (9)
Scrolls
 f - 3 scrolls of teleportation
 i - 3 scrolls of enchant weapon
 k - a scroll of acquirement {unknown}
 n - a scroll of magic mapping
 q - 2 scrolls of immolation
 r - 3 scrolls of remove curse
 y - 4 scrolls of identify
 D - a scroll of brand weapon {unknown}
Potions
 e - 3 potions of curing
 g - 2 potions of cancellation {unknown}
 h - a potion of magic {unknown}
 j - a potion of haste
 m - a potion of invisibility
 t - a potion of ambrosia {unknown}
 u - 3 potions of flight
 w - a potion of heal wounds
 A - a potion of lignification {unknown}


   Skills:
 - Level 6.4 Fighting
 * Level 11.5(11.6) Axes
 - Level 2.7(8.6) Maces & Flails
 - Level 1.7 Throwing
 + Level 9.9 Armour
 - Level 2.4 Dodging
 * Level 9.7 Shields
 + Level 3.6 Invocations


You had 11 spell levels left.
You didn't know any spells.
Your spell library contained the following spells:

 Spells                   Type           Power        Failure   Level
 Apportation              Tloc           #.....       75%         1
 Beastly Appendage        Tmut           #.....       75%         1
 Wereblood                Tmut           #.......     86%         2
 Lesser Beckoning         Tloc           #.........   98%         3
 Spider Form              Tmut/Pois      #.........   98%         3
 Tukima's Dance           Hex            #.......     98%         3
 Ice Form                 Ice/Tmut       #.......     100%        4
 Alistair's Intoxication  Tmut/Pois      #........    100%        5
 Blade Hands              Tmut           #.........   100%        5
 Invisibility             Hex            #.......     100%        6


Dungeon Overview and Level Annotations

Branches:
Dungeon (10/15)            Temple (1/1) D:5            Lair (1/6) D:8
    Orc (2/2) D:10
    Elf: Orc:2

Altars:
Ashenzari
Cheibriados
Dithmenos
Elyvilon
Fedhas
Gozag
Hepliaklqana
Kikubaaqudgha
Makhleb
Nemelex Xobeh
Okawaru
Qazlal
Ru
Sif Muna
Trog
Uskayaw
Vehumet
Wu Jian
Xom
Yredelemnul
Zin
The Shining One
Beogh

Shops:
D:7 ?

Portals:
Trove: D:10 (show slimy rune of Zot)

Annotations:
Lair:1 exclusion: oklob plant


Innate Abilities, Weirdness & Mutations

You are resistant to torment.
Your stone body is resilient. (AC +8)
You are immune to poison.
You resist negative energy. (rN+)
You are resistant to electric shocks. (rElec)
You can survive without breathing.
You are immune to petrification.
You are immune to rotting.
[You are sometimes teleported next to monsters.]


Message History

You block the hellwing's attack. x2
You slash the hellwing!
The hellwing is lightly wounded.
You block the hellwing's attack. x2
You closely miss the hellwing.
The hellwing is lightly wounded.
The hellwing barely misses you. You block the hellwing's attack.
Press: ? - help, Dir - move target cursor, f - hellwing
Aim: a hellwing (lightly wounded) That beam is likely to hit you.
Continue anyway?
Okay, then.
Unknown command.
You see here a glowing glaive.
A small abomination comes into view.
The wretched star glows turbulently.
The lance of force hits you!
* * * LOW HITPOINT WARNING * * *
You are knocked back by the lance of force.
You slam into the stone wall!
You die...

. . ..
..............#
..
..#...#..(#..
.#......#......
. ......[.....
. ............
...
...#.☼...#....#
#..††☼.#...# .
#.##@☼*#.
###.)○#.# #..
.#4#....#
#x#..##...#
###### ###


You could see a wretched star, a hellwing and a small abomination.

Vanquished Creatures
  Harold (D:7)
  A hydra (D:10)
  2 two-headed ogres
  An orc knight (Orc:2)
  2 guardian serpents (D:10)
  Psyche (D:8)
  A cane toad (D:8)
  A hellwing (Abyss:1)
  2 hornets (D:9)
  3 raiju (Abyss:1)
  2 yaks (D:8)
  Menkaure (D:5)
  A warg (Orc:2)
  A soldier ant (D:10)
  2 water moccasins
  A large abomination (Abyss:1)
  2 ice beasts
  10 orc warriors
  A small abomination (Abyss:1)
  4 black bears
  11 ogres
  4 sky beasts
  5 necrophages
  A phantom (D:10)
  9 centaurs
  2 big kobolds (D:9)
  4 bullfrogs
  3 scorpions
  10 killer bees
  5 wights (D:10)
  5 howler monkeys
  A quasit (Abyss:1)
  2 bullfrog zombies (D:10)
  9 hounds
  3 bullfrog skeletons
  3 orc priests (D:10)
  6 jellies
  3 iguanas
  8 orc wizards
  3 worker ants
  2 hound skeletons
  A mummy (D:10)
  A worker ant zombie (D:10)
  A howler monkey zombie (D:8)
  8 gnolls
  16 adders
  2 shadow imps
  5 white imps
  3 ufetubi
  2 adder zombies
  2 adder skeletons
  4 worms
  2 dart slugs
  6 leopard geckos
  39 orcs
  7 bats
  3 giant cockroaches
  8 goblins
  8 hobgoblins
  11 jackals
  21 kobolds
  5 quokkas
  2 ball pythons
  2 frilled lizards (D:1)
  A jackal zombie (D:5)
  A quokka skeleton (D:5)
  6 rats
306 creatures vanquished.

Vanquished Creatures (others)
  14 fungi
  9 plants (D:8)
  3 withered plants (D:10)
26 creatures vanquished.

Grand Total: 332 creatures vanquished

Notes
Turn   | Place    | Note
-------+----------+-------------------------------------------
     0 | D:1      | Flubbersnuff the Gargoyle Gladiator began the quest for the
                  | Orb.
     0 | D:1      | Reached XP level 1. HP: 12/12 MP: 1/1
    76 | D:1      | Reached XP level 2. HP: 18/18 MP: 2/2
    84 | D:1      | Reached skill level 3 in Axes
   105 | D:1      | Reached skill level 1 in Armour
   265 | D:1      | You fall into a shaft and drop 1 floor!
   274 | D:2      | Reached XP level 3. HP: 14/22 MP: 3/3
   275 | D:2      | Found a stormy altar of Qazlal.
   409 | D:2      | Became a worshipper of Qazlal Stormbringer
  1326 | D:2      | Reached XP level 4. HP: 27/27 MP: 4/4
  1428 | D:2      | Reached * piety under Qazlal
  1686 | D:2      | Reached skill level 4 in Axes
  1900 | D:2      | Reached XP level 5. HP: 32/32 MP: 5/5
  2856 | D:3      | Reached skill level 1 in Maces & Flails
  3245 | D:4      | Reached XP level 6. HP: 37/38 MP: 6/6
  3464 | D:4      | Reached ** piety under Qazlal
  3858 | D:4      | Reached XP level 7. HP: 44/44 MP: 7/7
  3958 | D:5      | Entered Level 5 of the Dungeon
  3994 | D:5      | Reached skill level 1 in Shields
  4176 | D:5      | Noticed Menkaure
  4186 | D:5      | Killed Menkaure
  4186 | D:5      | Reached skill level 5 in Axes
  4186 | D:5      | Reached XP level 8. HP: 42/48 MP: 8/8
  4459 | D:5      | Reached *** piety under Qazlal
  4459 | D:5      | Reached skill level 5 in Armour
  4468 | D:5      | Found a staircase to the Ecumenical Temple.
  4473 | Temple   | Entered the Ecumenical Temple
  4925 | D:6      | Reached skill level 6 in Axes
  4979 | D:6      | Got a smelly ring mail
  4990 | D:6      | Identified the +5 ring mail of Lefaycoo {Harm *Drain +Blink
                  | rN+} (You found it on level 6 of the Dungeon)
  5201 | D:6      | Reached skill level 7 in Axes
  5210 | D:6      | Reached XP level 9. HP: 52/52 MP: 9/9
  5278 | D:6      | Reached skill level 5 in Fighting
  5899 | D:7      | Found Xienour's Magic Scroll Shop.
  6012 | D:7      | Noticed Harold
  6022 | D:7      | Killed Harold
  6022 | D:7      | Reached skill level 8 in Axes
  6183 | D:7      | Found a bloodstained altar of Trog.
  6510 | D:8      | Noticed Psyche
  6516 | D:8      | Killed Psyche
  6516 | D:8      | Reached skill level 9 in Axes
  6516 | D:8      | Reached XP level 10. HP: 61/61 MP: 10/10
  6517 | D:8      | Found a shimmering altar of Xom.
  6518 | D:8      | Found a shimmering altar of Xom.
  6519 | D:8      | Found a shimmering altar of Xom.
  6519 | D:8      | Found a shimmering altar of Xom.
  6551 | D:8      | Found a shimmering altar of Xom.
  6551 | D:8      | Found a shimmering altar of Xom.
  6560 | D:8      | Found a shimmering altar of Xom.
  6563 | D:8      | Reached **** piety under Qazlal
  6711 | D:8      | Found a staircase to the Lair.
  6741 | D:8      | Noticed a two-headed ogre
  6752 | D:8      | Killed a two-headed ogre
  6752 | D:8      | Reached skill level 5 in Shields
  7146 | Lair:1   | Entered Level 1 of the Lair of Beasts
  7146 | Lair:1   | Noticed an oklob plant
  7150 | Lair:1   | Noticed a cane toad
  7155 | Lair:1   | Noticed a cane toad
  7159 | Lair:1   | Noticed a cane toad
  7161 | Lair:1   | HP: 2/61 [cane toad (10)]
  7178 | D:8      | Killed a cane toad
  7396 | D:9      | Noticed a two-headed ogre
  7401 | D:9      | Killed a two-headed ogre
  7401 | D:9      | Reached skill level 10 in Axes
  7545 | D:9      | Reached XP level 11. HP: 66/66 MP: 11/11
  7611 | D:9      | Reached ***** piety under Qazlal
  8172 | D:10     | Entered Level 10 of the Dungeon
  8226 | D:10     | Noticed an eight-headed hydra
  8277 | D:10     | Killed an eight-headed hydra
  8277 | D:10     | Reached skill level 1 in Invocations
  8399 | D:10     | Found a portal to a secret trove of treasure.
  8599 | D:10     | Found a staircase to the Orcish Mines.
  8606 | D:10     | Found a roughly hewn altar of Beogh.
  8677 | D:10     | Reached skill level 11 in Axes
  9327 | D:10     | Found a shimmering blue altar of Sif Muna.
  9435 | Orc:1    | Entered Level 1 of the Orcish Mines
  9587 | Orc:2    | Entered Level 2 of the Orcish Mines
  9625 | Orc:2    | Noticed an orc knight
  9642 | Orc:2    | Killed an orc knight
  9647 | Orc:2    | Cast into level 1 of the Abyss (orc warrior)
  9676 | Abyss:1  | Reached XP level 12. HP: 47/71 MP: 14/14
  9804 | Abyss:1  | Noticed a wretched star
  9810 | Abyss:1  | HP: 1/71 [wretched star/lance of force (20)]
  9810 | Abyss:1  | Collided with a stone wall

Illustrated notes

Levels and vault maps discovered:
D:1:      mainiacjoe_arrival_reflecting_pool, layout_rooms
D:2:      layout_basic, grunt_qazlal_clouds
D:3:      layout_basic, chequers_decorated_corner
D:4:      layout_gridville
D:5:      layout_basic, minmay_temple_entry_nine_rooms, minivault_26,
          uniq_menkaure
D:6:      layout_loops_ring, minmay_manual_mail
D:7:      layout_cave_pods, serial_shops, nicolae_shop_trees, bloody_trog,
          uniq_harold
D:8:      layout_loops_ring, grunt_lair_entry_orc_guard_hut,
          nicolae_xom_altar_mimics, uniq_psyche
D:9:      minmay_octagon_keep, layout_loops_ring, minivault_1,
          minmay_liquid_box, minivault_26, hangedman_decor_slide_cut
D:10:     nrook_guardian_serpent_snake_passage, layout_layer_cave,
          minmay_orc_entry_temple_small, serial_undead, serial_undead_c,
          serial_undead_b, serial_undead_d, serial_undead_d,
          nicolae_trove_entry_free_sample, lemuel_blue_sif_altar
Temple:   kilobyte_greek_temple
Lair:1:   layout_regular_city, dpeg_stationary_puzzle
Orc:1:    layout_caves, basic_altar
Orc:2:    st_orc_rangers, layout_caves, minmay_orc_keep
Abyss:1:  base:
D:1

Skill      XL: |  1  2  3  4  5  6  7  8  9 10 11 |
---------------+----------------------------------+-----
Axes           | 3 4 5 7 9 10 11 | 11.5
Armour         | 1 2 3 4 6 7 8 9 |  9.9
Fighting       | 3 4 6 |  6.4
Maces & Flails | 1 2 |  2.7
Shields        | 3 4 7 9 |  9.7
Invocations    | 3 |  3.6
Throwing       | |  1.7
Dodging        | |  2.4

Action                   |  1- 3 |  4- 6 |  7- 9 | 10-12 || total
-------------------------+-------+-------+-------+-------++-------
Melee: War axe           |   110 |    47 |   276 |   426 ||   859
       Whip              |       |   159 |     5 |       ||   164
Invok: Upheaval          |       |       |       |     2 ||     2
 Abil: Evoke Blink       |       |       |     1 |       ||     1
  Use: Scroll            |       |       |    15 |     1 ||    16
       Potion            |       |       |       |     1 ||     1
Armor: Leather armour    |    15 |       |       |       ||    15
       Chain mail        |    45 |   121 |       |       ||   166
       Plate armour      |       |    24 |   144 |       ||   168
       Ring mail         |       |       |    46 |   137 ||   183
Dodge: Dodged            |    57 |    85 |    94 |   109 ||   345
       Repelled          |       |       |       |     3 ||     3
Block: Other             |       |    10 |       |       ||    10
       Buckler           |       |     3 |   104 |       ||   107
       Kite shield       |       |       |       |   425 ||   425
       Reflection        |       |       |       |    27 ||    27

Table legend: (Time is in decaauts)
 A = Elapsed time spent in this place.
 B = Non-inter-level travel time spent in this place.
 C = Inter-level travel time spent in this place.
 D = Time resting spent in this place.
 E = Time spent auto-exploring this place.
 F = Levels seen in this place.
 G = Mean time per level.
                   A        B        C        D        E       F      G
               +--------+--------+--------+--------+--------+-----+--------+
         Total |   9933 |   9715 |    218 |    853 |   6277 |  15 |  662.2 |
       Dungeon |   9406 |   9195 |    211 |    774 |   6076 |  10 |  940.6 |
        Temple |    140 |    133 |      7 |      0 |    132 |   1 |  140.0 |
          Lair |     16 |     16 |      0 |      0 |      0 |   1 |   16.0 |
  Orcish Mines |    210 |    210 |      0 |      0 |     69 |   2 |  105.0 |
         Abyss |    159 |    159 |      0 |     78 |      0 |   1 |  159.0 |
               +--------+--------+--------+--------+--------+-----+--------+

Top non-repeatable levels by time:
     D:2: 1288 daAuts
    D:10: 1288 daAuts
     D:3: 940 daAuts
     D:4: 906 daAuts
     D:9: 899 daAuts
     D:6: 883 daAuts
     D:7: 879 daAuts
     D:1: 858 daAuts
     D:8: 771 daAuts
     D:5: 690 daAuts
 Abyss:1: 159 daAuts
   Orc:1: 151 daAuts
  Temple: 140 daAuts
   Orc:2: 59 daAuts
  Lair:1: 16 daAuts
